 Dungeon Crawl Stone Soup version 5.2-56-g927a965 (console) character file.

255 prospero the Firebug (level 7, -6/46 HPs)
             Began as a Demonspawn Fire Elementalist on Dec 31, 2017.
             Was an Initiate of Ru.
             Killed by divine providence
             ... invoked by an orc priest
              (9 damage)
             ... on level 5 of the Dungeon.
             The game lasted 00:14:09 (3850 turns).

prospero the Firebug (Demonspawn Fire Elementalist) Turns: 3850, Time: 00:14:09

Health: -6/46      AC:  5 (0%)Str:  8   XL:     7   Next: 35%
Magic:  9/10       EV: 14    Int: 19    God:    Ru [0*[25]]
Gold:   335        SH:  0    Dex: 18    Spells: 4/10 levels left

rFire    + . .     SeeInvis +   d - +2 whip (elec)
rCold    . . .     Faith    +   (no shield)
rNeg     . . .     Spirit   .   t - +2 robe {rF+}
rPois    .         Reflect  .   (no helmet)
rElec    .                      (no cloak)
rCorr    .                      q - +0 pair of gloves
MR       .....                  (no boots)
Stlth    ..........             b - amulet of faith
Regen    0.2/turn               a - ring of Knowledge {Dex+5 SInv}
MPRegen  0.2/turn               (no ring)

@: no status effects
A: repulsion field 1, demonic guardian 1, spiny 1, no stealth, prehensile
tentacle 2
a: Renounce Religion


You were on level 5 of the Dungeon.
You worshipped Ru.
Ru was noncommittal.
You were not hungry.

You visited 1 branch of the dungeon, and saw 5 of its levels.

You collected 335 gold pieces.

Inventory:

Hand Weapons
 d - a +2 whip of electrocution (weapon)
Missiles
 e - 155 arrows
 h - 1013 stones (quivered)
 i - 26 frenzy darts
 k - 55 poisoned darts
 n - 129 bolts
Armour
 q - a +0 pair of gloves (worn)
 t - a +2 robe of fire resistance (worn)
Jewellery
 a - the ring of Knowledge (left hand) {Dex+5 SInv}
   (You found it on level 4 of the Dungeon)

   [ring of dexterity]

   It affects your dexterity (+5).
   It lets you see invisible.
 b - an amulet of faith (around neck)
Wands
 u - a wand of flame (9)
Scrolls
 m - 2 scrolls of teleportation
 o - a scroll of fog
 p - 2 scrolls of magic mapping
Potions
 c - a potion of berserk rage
 f - 2 potions of cancellation
 g - 2 potions of flight
 j - 2 potions of ambrosia
 l - a potion of mutation
 r - 4 potions of curing
 s - a potion of haste


   Skills:
 - Level 1.7 Dodging
 - Level 2.0 Spellcasting
 + Level 7.9 Fire Magic


You had 4 spell levels left.
You knew the following spells:

 Your Spells              Type           Power        Failure   Level  Hunger
a - Flame Tongue          Fire           32 (40)      1%          1    N/A
b - Searing Ray           Fire           32 (50)      1%          2    N/A
c - Conjure Flame         Fire/Air       17 (100)     10%         3    N/A

Dungeon Overview and Level Annotations

Branches:
Dungeon (5/15)

Altars:
Kikubaaqudgha
Makhleb
Okawaru
Qazlal
Ru
Sif Muna
Trog
Uskayaw
Vehumet
Wu Jian
Zin


Innate Abilities, Weirdness & Mutations

You are surrounded by a mild repulsion field. (EV +2)
A weak demonic guardian rushes to your aid.
You are partially covered in sharp spines.
You cannot be stealthy.
You have a large tentacle on your back.


Message History

The orc priest calls down the wrath of Beogh upon you.
Beogh smites you (12)! Something misses your shadow imp.
You see here a +0 hand axe.
Okay, then.
Your shadow imp disappears in a puff of smoke!
An orc comes into view. It is wielding a +0 flail.
The orc wizard shouts!
The orc priest calls down the wrath of Beogh upon you.
Beogh smites you (12)!
* * * LOW HITPOINT WARNING * * *
Casting: Flame Tongue
Confirm with . or Enter, or press ? or * to list all spells.
Aiming: Flame Tongue
Press: ? - help, Shift-Dir - straight line, f - orc wizard
Aim: an orc wizard, wielding a +0 dagger (moderately wounded)
The flame tongue hits the orc wizard (7).
The orc wizard is severely wounded.
The orc priest invokes the aid of Beogh against you.
Beogh smites you (9)!
You die...

#......##
#.....##
#.....#
#o...##
##oo## #.o#
#oo# #)##
##o# #)##
##@# #).#
.## #.##
.....####.#
#........#
#######..#
##.# #.#
#.## ##.#
#.#


You could see 2 orc priests, 3 orc wizards and an orc.

Vanquished Creatures
  A scorpion (D:5)
  A howler monkey (D:4)
  A quasit (D:4)
  2 hounds
  3 orc wizards
  Terence (D:2)
  Jessica (D:3)
  5 worker ants
  A hound skeleton (D:4)
  2 adders (D:2)
  An ooze (D:4)
  An adder skeleton (D:4)
  2 dart slugs
  12 orcs
  4 quokkas
  3 bat zombies (D:2)
  A giant cockroach (D:3)
  6 goblins
  7 hobgoblins
  8 jackals
  A ball python (D:2)
  8 bats
  7 frilled lizards
  7 kobolds
  10 rats
96 creatures vanquished.

Vanquished Creatures (collateral kills)
  A water moccasin (D:5)
1 creature vanquished.

Vanquished Creatures (others)
  An orc (D:3)
  A bat (D:3)
2 creatures vanquished.

Grand Total: 99 creatures vanquished

Notes
Turn   | Place    | Note
-------+----------+-------------------------------------------
     0 | D:1      | prospero the Demonspawn Fire Elementalist began the quest for the Orb.
     0 | D:1      | Reached XP level 1. HP: 13/13 MP: 3/3
    67 | D:1      | Reached skill level 3 in Fire Magic
   293 | D:1      | Gained mutation: A weak demonic guardian rushes to your aid. [demonic ancestry]
   293 | D:1      | Reached XP level 2. HP: 19/19 MP: 0/5
   735 | D:1      | Learned a level 2 spell: Searing Ray
   980 | D:2      | Gained mutation: You are surrounded by a mild repulsion field. (EV +2) [demonic ancestry]
   980 | D:2      | Reached XP level 3. HP: 20/24 MP: 1/6
  1062 | D:2      | Found a sacrificial altar of Ru.
  1064 | D:2      | Reached skill level 4 in Fire Magic
  1100 | D:2      | Gained mutation: You are partially covered in sharp spines. [demonic ancestry]
  1100 | D:2      | Reached XP level 4. HP: 30/30 MP: 5/7
  1120 | D:2      | Became a worshipper of Ru the Awakened
  1131 | D:2      | Learned a level 3 spell: Conjure Flame
  1162 | D:2      | Found an ancient bone altar of Kikubaaqudgha.
  1268 | D:2      | Noticed Terence
  1281 | D:2      | Killed Terence
  1285 | D:2      | Reached skill level 5 in Fire Magic
  1629 | D:2      | Found a faded altar of an unknown god.
  1998 | D:3      | Reached XP level 5. HP: 35/35 MP: 5/8
  2229 | D:3      | Found a stormy altar of Qazlal.
  2252 | D:3      | Gained mutation: You cannot be stealthy. [Ru sacrifice]
  2787 | D:3      | Reached skill level 6 in Fire Magic
  2788 | D:3      | Found a deep blue altar of Sif Muna.
  3053 | D:3      | Noticed Jessica
  3061 | D:3      | Killed Jessica
  3061 | D:3      | Gained mutation: You have a tentacle on your back. [demonic ancestry]
  3061 | D:3      | Reached XP level 6. HP: 38/41 MP: 3/9
  3104 | D:3      | Found a radiant altar of Vehumet.
  3144 | D:4      | Found a glowing silver altar of Zin.
  3160 | D:4      | Got the ring of Knowledge {Dex+5 SInv}
  3278 | D:4      | Found a burning altar of Makhleb.
  3296 | D:4      | Found an iron altar of Okawaru.
  3342 | D:4      | Found a bloodstained altar of Trog.
  3381 | D:4      | Found an ornate altar of the Wu Jian Council.
  3485 | D:4      | Found a hide-covered altar of Uskayaw.
  3529 | D:4      | Reached skill level 7 in Fire Magic
  3687 | D:5      | Entered Level 5 of the Dungeon
  3691 | D:5      | Noticed a water moccasin
  3695 | D:5      | Killed a water moccasin
  3695 | D:5      | Gained mutation: You have a large tentacle on your back. [demonic ancestry]
  3695 | D:5      | Reached XP level 7. HP: 38/46 MP: 4/10
  3850 | D:5      | Killed from afar by an orc priest

Skill      XL: |  1  2  3  4  5  6 |
---------------+-------------------+-----
Fire Magic     | 3 4 5 6 7 |  7.9
Stealth        | 0 |  0.0
Dodging        | |  1.7
Spellcasting   | |  2.0

Action                   |  1- 3 |  4- 6 |  7- 9 || total
-------------------------+-------+-------+-------++-------
Melee: Dagger            |     6 |       |       ||     6
       Unarmed           |     2 |       |       ||     2
       Whip              |    16 |    21 |     7 ||    44
 Cast: Flame Tongue      |    43 |   101 |    18 ||   162
Invok: Sacrifice Stealth |       |     1 |       ||     1
Armor: Robe              |     5 |    11 |     3 ||    19
Dodge: Dodged            |    28 |    45 |     4 ||    77
